Map: Acropolis LE

Players

Parkkatz

  • Race: Zerg Zerg
  • League: Platinum
  • Spawn Location: 5:00

Ovisha - Winner!

  • Race: Zerg Zerg
  • Spawn Location: 11:00

VOD

Have the link to the VOD?

Description

Time

  • Played on: July 4, 2019, 11:28 p.m.
  • Length: 8:02
Show
View Real Time Build Order
Export as new Build Order

Parkkatz Zerg 

Build Orders: Hatch First 

Get SALT Encoding   

  12  0:02  Drone  
  13  0:14  Overlord  
  13  0:18  Drone  
  14  0:33  Drone x2  
  16  0:44  Drone  
  16  0:48  Drone  
  18  1:02  Drone, Extractor  
  18  1:05  Hatchery  
  17  1:16  Spawning Pool  
  17  1:17  Drone  
  17  1:21  Drone  
  18  1:30  Drone  
  19  1:46  Overlord  
  19  2:05  Zergling x4  
  19  2:06  Queen  
  23  2:15  Zergling x2  
  24  2:16  Queen  
  24  2:17  Zergling x2  
  24  2:21  Metabolic Boost  
  27  2:27  Drone  
  28  2:34  Drone x2  
  30  2:42  Queen  
  32  2:47  Overlord  
  32  2:52  Queen  
  32  2:57  Drone x2  
  36  3:10  Drone x2  
  36  3:11  Drone  
  38  3:20  Drone  
  38  3:21  Drone x2  
  41  3:29  Drone x2  
  43  3:38  Roach Warren  
  43  3:40  Overlord, Evolution Chamber  
  41  3:43  Queen  
  43  3:54  Lair  
  40  4:06  Zergling x4  
  40  4:07  Zergling x6  
  45  4:11  Drone x2  
  45  4:15  Extractor  
  46  4:18  Roach  
  44  4:37  Roach  
  42  4:44  Roach  
  36  4:54  Roach  
  38  5:01  Overlord  
  38  5:03  Queen  
  40  5:08  Roach  
  42  5:14  Roach  
  42  5:21  Roach  
  42  5:22  Zergling x6  
  42  5:23  Zergling x10  
  44  5:31  Roach  
  38  5:42  Roach  
  34  5:49  Queen  
  34  5:52  Roach  
  36  5:57  Drone x2  
  36  5:58  Drone x3  
  40  6:19  Roach x2  
  40  6:20  Roach  
  40  6:25  Queen  
  41  6:26  Drone x2  
  43  6:34  Drone x2  
  43  6:35  Drone x3  
  48  7:00  Roach  
  48  7:01  Roach  
  52  7:02  Queen  
  52  7:05  Roach x2  
  52  7:06  Roach  
  52  7:15  Overlord  
  52  7:16  Overlord  
  52  7:21  Extractor  
  49  7:24  Drone  
  49  7:25  Drone x2  
  49  7:27  Roach x2  
  50  7:38  Drone  
  50  7:39  Drone  
Show
View Real Time Build Order
Export as new Build Order

Ovisha Zerg - Winner!

Build Orders: Hatch First 

Get SALT Encoding   

  12  0:00  Drone  
  13  0:13  Overlord  
  13  0:17  Drone  
  14  0:31  Drone x2  
  16  0:39  Drone  
  17  0:53  Drone  
  18  0:58  Hatchery  
  18  0:59  Drone  
  18  1:03  Extractor  
  17  1:16  Spawning Pool  
  16  1:19  Drone  
  16  1:21  Drone  
  18  1:35  Drone  
  18  1:38  Overlord  
  19  1:49  Drone  
  20  2:03  Queen  
  22  2:11  Drone x2  
  24  2:16  Queen  
  24  2:18  Overlord  
  24  2:21  Zergling x2  
  27  2:23  Zergling x2  
  27  2:26  Metabolic Boost  
  28  2:32  Drone  
  29  2:50  Hatchery  
  28  2:55  Drone x5  
  33  3:05  Zergling x2  
  33  3:10  Zergling x2  
  34  3:16  Overlord  
  34  3:17  Overlord  
  34  3:25  Zergling x2  
  35  3:31  Baneling Nest  
  35  3:33  Zergling x2, Queen  
  35  3:34  Zergling x8  
  41  3:39  Drone  
  42  3:45  Queen  
  44  3:58  Zergling x16  
  52  4:21  Hatchery  
  47  4:35  Zergling x14  
  49  4:44  Zergling x12  
  48  4:56  Roach Warren  
  46  5:00  Drone x3  
  49  5:19  Zergling x4  
  49  5:20  Zergling x4  
  50  5:29  Drone  
  50  5:31  Overlord x3  
  51  5:41  Drone x7  
  48  5:50  Zergling x10  
  48  5:55  Spine Crawler  
  52  5:59  Drone  
  51  6:15  Zergling x20  
  57  6:25  Drone x3  
  57  6:30  Queen x3  
  65  6:39  Drone x3  
  68  6:40  Drone, Extractor  
  68  7:00  Zergling x18  
  76  7:06  Drone x3, Evolution Chamber  
  76  7:07  Evolution Chamber  
  75  7:21  Roach x3  
  75  7:22  Roach  
  82  7:23  Overlord x2  
  82  7:41  Overlord x3  
  82  7:43  Drone x6  
Tags
 
League
Platinum
Matchup
ZvZ
Race
Zerg
Replay Pack
SC2 replays
Spawn Locations
Cross Positions
Add a new tag
Caveats
  • Supply blocks, unpowered buildings, or Contaminate may cause inaccurate times.
  • Supply counts are checked every 10 seconds.